 Dungeon Crawl Stone Soup version 0.30-a0-743-gbfdf073431 (webtiles) character file.

Game seed: 8695495601446136646

11035 iguanaiguana the Destroyer (level 11, -2/58 (67) HPs)
             Began as a Tengu Conjurer on Feb 7, 2023.
             Was an Initiate of Gozag.
             Killed from afar by Josephine (20 damage)
             ... with a ghostly fireball
             ... on level 10 of the Dungeon on Feb 8, 2023.
             The game lasted 01:07:33 (20395 turns).

iguanaiguana the Destroyer (Tengu Conjurer)        Turns: 20395, Time: 01:07:33

HP:   -2/58 (67)    AC: 10    Str:  8    XL:     11   Next: 71%
MP:   4/25          EV: 12    Int: 35    God:    Gozag
Gold: 841           SH:  5    Dex: 12    Spells: 0/28 levels left

rFire   . . .      SeeInvis .    A - +1 dagger (venom)
rCold   . . .      Faith    .    (no shield)
rNeg    . . .      Spirit   .    p - +0 swamp dragon scales
rPois   +          Reflect  +    (helmet restricted)
rElec   .          Harm     .    k - +2 cloak
rCorr   .          Rampage  .    (no gloves)
Will    .....                    (boots unavailable)
Stlth   +                        Q - amulet of reflection
HPRegen 0.29/turn                F - +6 ring of intelligence
MPRegen 0.19/turn                y - +6 ring of intelligence

@: flying quickly and evasively, heavily drained, quick
A: beak, talons 3, nimble flight
a: Renounce Religion, Potion Petition, Call Merchant, Bribe Branch


You were on level 10 of the Dungeon.
You worshipped Gozag.
Gozag was pleased with you.
You visited 2 branches of the dungeon, and saw 12 of its levels.
You also visited: Sewer.

You collected 2087 gold pieces.
You spent 1165 gold pieces at shops.
You paid 81 gold pieces to Gozag.

Inventory:

Hand Weapons
 f - a +4 short sword
 A - a +1 dagger of venom (weapon)
Missiles
 m - 25 poisoned darts
 z - 5 boomerangs
 N - 10 silver boomerangs
 P - 4 throwing nets
 V - 3 atropa-tipped darts
Armour
 k - a +2 cloak (worn)
 p - +0 swamp dragon scales (worn)
 H - a +2 ring mail of fire resistance
 J - a +2 robe of positive energy
Magical Staves
 a - a staff of death
Jewellery
 v - a +4 ring of protection
 y - a +6 ring of intelligence (right hand)
 C - a +4 ring of slaying
 F - a +6 ring of intelligence (left hand)
 Q - an amulet of reflection (around neck)
 X - a ring of ice
Wands
 B - a wand of charming (8)
 M - a wand of flame (20)
 O - a wand of acid (13) {@v1}
 R - a wand of iceblast (8) {@v2}
Scrolls
 g - 2 scrolls of poison
 j - 2 scrolls of amnesia
 l - 8 scrolls of teleportation {@r3}
 n - 2 scrolls of enchant armour
 o - a scroll of fog
 q - a scroll of immolation
 r - a scroll of torment
 s - 4 scrolls of blinking {@r4}
 u - 2 scrolls of vulnerability
 x - a scroll of noise
 G - a scroll of summoning
 S - 2 scrolls of magic mapping {@r5}
 T - 2 scrolls of fear
 W - a scroll of silence {unknown}
Potions
 b - a potion of magic
 c - 5 potions of heal wounds {@q2}
 d - 3 potions of cancellation
 e - 2 potions of resistance {@q5}
 h - a potion of might {@q3}
 i - a potion of berserk rage
 t - a potion of ambrosia
 w - a potion of lignification
 D - 2 potions of attraction {unknown}
 E - 2 potions of haste {unknown}
 I - 6 potions of curing {@q1}
 K - a potion of invisibility
 L - 2 potions of brilliance
Miscellaneous
 U - a lightning rod (4/4)


   Skills:
 - Level 7.4 Fighting
 - Level 2.1 Dodging
 - Level 3.0 Stealth
 - Level 9.0 Spellcasting
 - Level 12.0 Conjurations
 - Level 4.0 Hexes
 - Level 3.0 Translocations
 + Level 2.9 Ice Magic
 - Level 10.0 Air Magic


You couldn't memorise any spells.
You knew the following spells:

 Your Spells              Type           Power      Damage    Failure   Level
a - Freezing Cloud        Conj/Ice/Air   32%        6-21      8%          5
b - Lightning Bolt        Conj/Air       37%        1d56      2%          5
c - Iskenderun's Mystic   Conj/Tloc      62%        2d13      3%          4
d - Fulminant Prism       Conj/Hex       32%        3d15      3%          4
e - Airstrike             Air            36%        2d(6-22)  1%          4
f - Swiftness             Air            72%        N/A       1%          3
g - Searing Ray           Conj           100%       2d8       1%          2
h - Magic Dart            Conj           100%       1d8       1%          1

Your spell library contained the following spells:

 Spells                   Type           Power      Damage    Failure   Level
 Shock                    Conj/Air       100%       1d9       1%          1
 Dazzling Flash           Conj/Hex       100%       N/A       1%          3
 Ensorcelled Hibernation  Hex/Ice        80%        N/A       3%          2
 Ozocubu's Armour         Ice            36%        N/A       8%          3
 Beastly Appendage        Tmut           30%        N/A       9%          1
 Passwall                 Tmut/Erth      12%        N/A       13%         2
 Wereblood                Tmut           15%        N/A       13%         2
 Spider Form              Tmut/Pois      15%        N/A       26%         3
 Anguish                  Hex/Necr       14%        N/A       36%         4
 Animate Armour           Summ/Erth      30%        N/A       63%         4
 Borgnjor's Vile Clutch   Necr/Erth      7%         N/A       93%         5
 Lee's Rapid Deconstruct  Erth           7%         3d7*      93%         5
 Death Channel            Necr           7%         N/A       100%        6
 Enfeeble                 Hex            21%        N/A       100%        7
 Ozocubu's Refrigeration  Ice            18%        4d11      100%        7
 Animate Dead             Necr           Unusable   N/A       N/A         4

Dungeon Overview and Level Annotations

Branches:
Dungeon (11/15) Zot: 26884  Temple (1/1) D:4 Zot: 5877    Lair (0/5) D:8
    Orc (0/2) D:10          Sewer (visited)

Altars:
Ashenzari
Cheibriados
Dithmenos
Gozag
Hepliaklqana
Kikubaaqudgha
Makhleb
Nemelex Xobeh
Okawaru
Ru
Sif Muna
Trog
Uskayaw
Vehumet
Wu Jian
Yredelemnul
Zin
The Shining One

Shops:
D:2 [   D:5 !   D:7 (?

Annotations:
D:2 exclusion: downstairs
D:10 Josephine


Innate Abilities, Weirdness & Mutations

You have a beak for a mouth.
You have claws for feet.
Your magical nature lets you fly swiftly and evasively.


Message History

Aim: a wraith (moderately damaged, unaware, hasn't noticed you, 64% to hit)
The bolt of lightning hits the wraith.
The wraith is heavily damaged.
The wraith is no longer distracted by gold.
Josephine casts a spell at you.
The ghostly flame explodes!
The ghostly fireball engulfs you!
You feel drained.
Casting: Lightning Bolt (dangerous; 2% risk of failure)
Confirm with . or Enter, or press ? or * to list all spells.
Aiming: Lightning Bolt (dangerous; 2% risk of failure)
Press: ? - help, Shift-Dir - straight line, f/p - wraith
Aim: a wraith (heavily damaged, 64% to hit)
The bolt of lightning misses the wraith.
The bolt of lightning hits Josephine!!
Josephine is heavily wounded.
Casting: Lightning Bolt (dangerous; 2% risk of failure)
Confirm with . or Enter, or press ? or * to list all spells.
Aiming: Lightning Bolt (dangerous; 2% risk of failure)
Press: ? - help, Shift-Dir - straight line, f/p - wraith
Aim: a wraith (heavily damaged, 64% to hit)
The bolt of lightning misses Josephine.
The bolt of lightning hits the wraith!
The wraith is severely damaged.
You hit Josephine but do no damage.
Josephine is poisoned.
You claw Josephine.
Josephine is heavily wounded.
You hit Josephine.
Josephine looks as sick as possible!
Josephine is heavily wounded.
Josephine draws life force from you!
Josephine is healed by the life force!
You hit Josephine. You peck Josephine.
Josephine is heavily wounded.
Josephine hits you with a +0 dagger! Josephine casts a spell at you.
The ghostly flame explodes!
The ghostly fireball engulfs you!
You feel drained.
* * * LOW HITPOINT WARNING * * *
Josephine gestures at you while chanting.
The ghostly flame explodes!
The ghostly fireball engulfs you!
You feel drained.
* * * LOW HITPOINT WARNING * * *
Josephine casts a spell at you.
The ghostly flame explodes!
The ghostly fireball engulfs you!!
You feel drained.
You die...
Your body crumbles into a pile of gold.

..######...##.#.#[#..#.#......#.#
### #....#.#.#....[.###..#...# #
##.##...##...#.##.#.#..#.# #
#..###...[..###....###..# # ##.#
####..## ###.###.### #### ######
##############.# ...# ####'##
#..........# ...#
#.....######.........## ...####
#.....'@..##.........### ...'..##
#.....###...............
...##..###.....# ####......)..###
>..###...W@....# #..>......# ...#
#####.....# ########### ...#
####### ####


You could see Josephine (very poisoned) and a wraith.

Vanquished Creatures
  Fannar (D:10)
  2 two-headed ogres (D:9)
  Nergalle (D:10)
  Pikel (D:4)
  A gargoyle (D:10)
  A troll (D:10)
  A hornet (D:9)
  A shadow (D:11)
  A wyvern (D:9)
  2 wraiths
  8 yaks
  Grum (D:8)
  2 steam dragons (D:9)
  Menkaure (D:5)
  An acid dragon (D:8)
  Edmund (D:4)
  2 wargs (D:10)
  4 water moccasins
  3 black bears
  An ice beast (D:5)
  4 orc warriors
  2 ogres
  3 wolves (D:8)
  4 centaurs
  2 lemures (D:4)
  A kobold brigand (D:8)
  A phantom (D:4)
  8 bullfrogs
  4 scorpions
  A gnoll sergeant (D:10)
  3 wights (D:6)
  An electric eel (D:6)
  9 howler monkeys
  A jelly (D:4)
  9 orc priests
  2 hounds
  Jessica (D:2)
  3 gnoll boudas
  7 iguanas
  8 orc wizards
  39 gnolls
  10 adders
  An ufetubus (D:7)
  3 worms
  A dart slug (D:1)
  46 orcs
  9 ball pythons
  3 bats
  7 endoplasms
  9 giant cockroaches
  9 goblins
  7 hobgoblins
  12 jackals
  7 kobolds
  10 quokkas
  15 frilled lizards
  8 rats
306 creatures vanquished.

Vanquished Creatures (others)
  An orc wizard (D:9)
  47 fulminant prisms
  25 fungi (D:8)
  27 plants
100 creatures vanquished.

Grand Total: 406 creatures vanquished

Notes
Turn   | Place    | Note
-------+----------+-------------------------------------------
     0 | D:1      | iguanaiguana the Tengu Conjurer began the quest for the
                  | Orb.
     0 | D:1      | Reached XP level 1. HP: 10/10 MP: 4/4
    80 | D:1      | Found a faded altar of an unknown god.
   175 | D:1      | Reached XP level 2. HP: 15/15 MP: 6/6
   184 | D:1      | Learned a level 2 spell: Searing Ray
   367 | D:1      | Reached XP level 3. HP: 19/19 MP: 0/7
   595 | D:1      | Reached skill level 6 in Conjurations
  1419 | D:2      | Noticed Jessica
  1422 | D:2      | Killed Jessica
  1423 | D:2      | Reached skill level 7 in Conjurations
  1423 | D:2      | Reached XP level 4. HP: 24/24 MP: 4/8
  1468 | D:2      | Reached skill level 1 in Hexes
  1842 | D:2      | Found Nenleyl's Antique Armour Shoppe.
  2316 | D:2      | Found Nenleyl's Antique Armour Shoppe.
  2942 | D:3      | Gained mutation: Your magical nature lets you fly swiftly
                  | and evasively. [Tengu growth]
  2942 | D:3      | Reached XP level 5. HP: 27/28 MP: 7/9
  3390 | D:3      | Learned a level 4 spell: Fulminant Prism
  4275 | D:3      | Reached skill level 8 in Conjurations
  4275 | D:3      | Reached XP level 6. HP: 23/32 MP: 6/10
  4445 | D:3      | Noticed a water moccasin
  5163 | D:4      | Found a staircase to the Ecumenical Temple.
  5191 | D:4      | Reached XP level 7. HP: 36/36 MP: 7/12
  5220 | Temple   | Entered the Ecumenical Temple
  5338 | Temple   | Became a worshipper of Gozag Ym Sagoz the Greedy
  5534 | D:3      | Reached skill level 9 in Conjurations
  6379 | D:4      | Noticed Pikel
  7607 | D:4      | Found a staircase to the Ecumenical Temple.
  7656 | D:4      | Killed Pikel
  7657 | D:4      | Reached skill level 10 in Conjurations
  7657 | D:4      | Reached XP level 8. HP: 41/41 MP: 3/15
  8069 | D:5      | Entered Level 5 of the Dungeon
  8091 | D:5      | Noticed Edmund
  8305 | D:5      | Reached skill level 5 in Air Magic
  8409 | D:5      | Noticed Menkaure
  8624 | D:4      | Killed Edmund
  8633 | D:4      | Learned a level 3 spell: Swiftness
  8638 | D:4      | Learned a level 4 spell: Airstrike
  8925 | D:5      | Reached XP level 9. HP: 45/45 MP: 6/16
  8992 | D:5      | Killed Menkaure
  9066 | D:5      | Found Xatromizul's Distillery.
  9076 | D:5      | Bought a potion of heal wounds for 55 gold pieces
  9076 | D:5      | Bought a potion of invisibility for 88 gold pieces
  9076 | D:5      | Bought a potion of cancellation for 88 gold pieces
  9076 | D:5      | Bought a potion of brilliance for 44 gold pieces
  9335 | D:5      | Found a broken altar of Ashenzari.
  9346 | D:5      | Found an ornate altar of the Wu Jian Council.
 10245 | D:5      | Reached skill level 10 in Air Magic
 10562 | D:6      | Found a glowing drain.
 10566 | Sewer    | Entered a sewer
 10809 | Sewer    | Reached skill level 5 in Spellcasting
 11182 | Sewer    | Reached skill level 1 in Translocations
 12214 | D:7      | You are sucked into a shaft and drop 3 floors!
 12214 | D:10     | Entered Level 10 of the Dungeon
 12229 | D:10     | Learned a level 4 spell: Iskenderun's Mystic Blast
 12240 | D:10     | Noticed Fannar
 12332 | D:10     | Reached skill level 1 in Fighting
 12672 | D:10     | Reached XP level 10. HP: 56/56 MP: 9/18
 12768 | D:10     | Found a staircase to the Orcish Mines.
 12902 | D:10     | Noticed Nergalle
 13220 | D:10     | Reached skill level 5 in Fighting
 13717 | D:9      | Noticed a two-headed ogre
 13882 | D:9      | Killed a two-headed ogre
 14111 | D:9      | Got the Secrets of the Crater and Austromancy
 14737 | D:9      | Noticed a two-headed ogre
 14783 | D:9      | Killed a two-headed ogre
 15260 | D:9      | Found a basalt altar of Yredelemnul.
 15693 | D:8      | Reached XP level 11. HP: 67/67 MP: 13/23
 15843 | D:8      | Found a staircase to the Lair.
 15866 | D:8      | Learned a level 5 spell: Lightning Bolt
 16283 | D:8      | Noticed Grum
 16287 | D:8      | Killed Grum
 17604 | D:7      | Found Wazeil's Weapon Shoppe.
 17617 | D:7      | Learned a level 5 spell: Freezing Cloud
 17759 | D:7      | Reached skill level 1 in Ice Magic
 17998 | D:7      | Found The Oracle's Delphic Readings.
 18002 | D:7      | Bought a scroll of identify for 30 gold pieces
 18002 | D:7      | Bought 2 scrolls of identify for 60 gold pieces
 18165 | D:2      | Bought swamp dragon scales for 800 gold pieces
 19522 | D:10     | Reached skill level 11 in Conjurations
 19639 | D:10     | Killed Nergalle
 19955 | D:10     | Killed Fannar
 19956 | D:10     | Reached skill level 12 in Conjurations
 20369 | D:11     | Noticed Josephine
 20395 | D:10     | Killed from afar by Josephine

Illustrated notes

Levels and vault maps discovered:
D:1:      tarquinn_simple_flora_water_b, layout_rooms, basic_ecumenical_altar
D:2:      wander_river, layout_basic, serial_shops, shop,
          minmay_misc_feat_secret_circle, roderic_roman_lattice, uniq_jessica
D:3:      minmay_recursive_quarters, layout_basic
D:4:      layout_loops_cross, minmay_temple_entry_junction, uniq_pikel
D:5:      layout_basic, amethyst_overflow_temple_binary, serial_shops, shop,
          uniq_edmund, uniq_menkaure
D:6:      layout_rooms, gup_sewer_entry_bowl, corexii_corridor_pit,
          water_maze_lemuel
D:7:      layout_basic, serial_shops, nicolae_shop_advertising_works
          [nicolae_subvault_shop_adworks], nicolae_nh_oracle_at_delphi
D:8:      layout_rooms, due_lair_maze_entry_diamond, hangedman_glass_teeth,
          ebering_dispersal_statue_hall, minivault_11, uniq_grum
D:9:      layout_basic, kennysheep_mini_moat
D:10:     layout_roguey, erik_orc_3, uniq_fannar, uniq_nergalle
D:11:     layout_long_grid, dreamdust_princess_bridge, uniq_erolcha,
          uniq_josephine
Temple:   compressed_dpeg_triangle_lava_temple

Skill      XL: |  1  2  3  4  5  6  7  8  9 10 11 |
---------------+----------------------------------+-----
Stealth        | 3 |  3.0
Conjurations   | 7 8 10 12 | 12.0
Hexes          | 1 2 4 |  4.0
Spellcasting   | 3 4 5 7 9 |  9.0
Air Magic      | 3 7 10 | 10.0
Translocations | 3 |  3.0
Fighting       | 3 7 |  7.4
Ice Magic      | 2 |  2.9
Dodging        | |  2.1

Action                     |  1- 3 |  4- 6 |  7- 9 | 10-12 || total
---------------------------+-------+-------+-------+-------++-------
  Melee: Short sword       |     6 |       |       |       ||     6
         Kick              |     2 |     1 |    12 |    22 ||    37
         Unarmed           |     1 |       |       |       ||     1
         Peck              |     2 |       |     5 |    12 ||    19
         Dagger            |       |     3 |    40 |    59 ||   102
         Punch             |       |       |       |     2 ||     2
  Throw: Dart              |       |       |     3 |     5 ||     8
         Throwing net      |       |       |       |     2 ||     2
   Cast: Magic Dart        |    66 |   127 |    63 |       ||   256
         Searing Ray       |       |     4 |     7 |       ||    11
         Fulminant Prism   |       |     2 |    36 |     9 ||    47
         Airstrike         |       |       |    74 |   146 ||   220
         Iskenderun's Myst |       |       |       |     4 ||     4
         Lightning Bolt    |       |       |       |    16 ||    16
         Freezing Cloud    |       |       |       |     1 ||     1
  Evoke: Wand              |       |       |       |     5 ||     5
    Use: Scroll            |     1 |     3 |     9 |     9 ||    22
         Potion            |       |       |       |     2 ||     2
   Stab: Distracted        |       |       |     1 |       ||     1
         Sleeping          |       |       |     1 |       ||     1
 Armour: Robe              |     2 |     8 |    27 |    15 ||    52
         Ring mail         |       |       |       |     4 ||     4
         Swamp dragon scal |       |       |       |     1 ||     1
  Dodge: Dodged            |     4 |    13 |    58 |    36 ||   111
  Block: Other             |       |       |     1 |    18 ||    19

Table legend: (Time is in decaauts)
 A = Elapsed time spent in this place.
 B = Non-inter-level travel time spent in this place.
 C = Inter-level travel time spent in this place.
 D = Time resting spent in this place.
 E = Time spent auto-exploring this place.
 F = Levels seen in this place.
 G = Mean time per level.
                   A        B        C        D        E       F      G
               +--------+--------+--------+--------+--------+-----+--------+
         Total |  19571 |  18499 |   1072 |   2694 |  12168 |  13 | 1505.5 |
       Dungeon |  18653 |  17581 |   1072 |   2675 |  11425 |  11 | 1695.7 |
        Temple |    122 |    122 |      0 |      0 |     94 |   1 |  122.0 |
         Sewer |    794 |    794 |      0 |     19 |    647 |   1 |  794.0 |
               +--------+--------+--------+--------+--------+-----+--------+

Top non-repeatable levels by time:
    D:10: 2894 daAuts
     D:4: 2737 daAuts
     D:3: 2675 daAuts
     D:2: 2248 daAuts
     D:9: 1889 daAuts
     D:8: 1557 daAuts
     D:5: 1395 daAuts
     D:7: 1321 daAuts
     D:6: 979 daAuts
     D:1: 945 daAuts
   Sewer: 794 daAuts
  Temple: 122 daAuts
    D:11: 8 daAuts
